 Dungeon Crawl Stone Soup version 0.28-a0-1510-gd0f6b136d3 (webtiles) character file.

Game seed: 17756930750060814961

39 a3don the Digger (level 3, 0/32 HPs)
             Began as a Troll Earth Elementalist on Jan 16, 2022.
             Killed from afar by Ijyb (17 damage)
             ... with an iceblast
             ... on level 4 of the Dungeon.
             The game lasted 00:02:58 (1104 turns).

a3don the Digger (Troll Earth Elementalist)         Turns: 1104, Time: 00:02:58

Health: 0/32       AC:  7    Str: 16    XL:     3   Next: 26%
Magic:  3/4        EV:  9    Int: 13    God:
Gold:   37         SH:  0    Dex: 10    Spells: 1/4 levels left

rFire   . . .      SeeInvis .     - Unarmed
rCold   . . .      Faith    .   (no shield)
rNeg    . . .      Spirit   .   b - +0 robe
rPois   .          Reflect  .   (helmet restricted)
rElec   .          Harm     .   h - +2 cloak
rCorr   .          Rampage  .   (gloves unavailable)
Will    .....                   (boots unavailable)
Stlth   +.........              (no amulet)
HPRegen 0.90/turn               (no ring)
MPRegen 0.09/turn               (no ring)

@: no status effects
A: large, unfitting armour, claws 3, regeneration 1, shaggy fur 1, tough skin 1
a: no special abilities


You were on level 4 of the Dungeon.
You visited 1 branch of the dungeon, and saw 3 of its levels.

You collected 37 gold pieces.

Inventory:

Missiles
 c - 104 stones
 e - 10 poisoned darts (quivered)
Armour
 b - a +0 robe (worn)
 h - a +2 cloak (worn)
Scrolls
 a - a scroll of fog {unknown}
 d - a scroll of brand weapon {unknown}
 f - 2 scrolls of blinking {unknown}
 g - a scroll of teleportation {unknown}
 j - a scroll of vulnerability {unknown}
Potions
 i - 2 potions of flight {unknown}
 k - a potion of curing
 l - a potion of magic {unknown}


   Skills:
 + Level 0.6 Fighting
 - Level 1.5 Dodging
 - Level 1.0 Stealth
 * Level 1.5 Unarmed Combat
 + Level 1.4 Spellcasting
 + Level 1.1 Transmutations
 + Level 2.9 Earth Magic


You had one spell level left.
You knew the following spells:

 Your Spells              Type           Power      Damage    Failure   Level
a - Sandblast             Erth           16%        2d6       9%          1
b - Passwall              Tmut/Erth      5%         N/A       17%         2

Your spell library contained the following spells:

 Spells                   Type           Power      Damage    Failure   Level
 Stone Arrow              Conj/Erth      8%         3d7       41%         3
 Confusing Touch          Hex            0%         N/A       63%         3
 Petrify                  Tmut/Erth      6%         N/A       75%         4
 Yara's Violent Unravell  Hex/Tmut       1%         3d3       99%         5
 Enfeeble                 Hex            0%         N/A       100%        7


Dungeon Overview and Level Annotations

Branches:
Dungeon (2/15)

Altars:

Annotations:
D:4 Ijyb


Innate Abilities, Weirdness & Mutations

You are too large for most types of armour.
You have claws for hands.
Your natural rate of healing is unusually fast.
You are covered in fur. (AC +1)
You have tough skin. (AC +1)


Message History

Press: ? - help, Shift-Dir - straight line, f/p - Ijyb
Aim: Ijyb, wielding a +6 club, wearing a +1 scale mail of positive energy and carrying a wand of iceblast (11) (75% to hit)
The blast of sand hits Ijyb but does no damage.
c - 104 stones Ijyb hits you with a +6 club.
You barely miss Ijyb. Your claw misses Ijyb. Ijyb closely misses you.
You claw Ijyb!
Ijyb is moderately wounded.
Ijyb closely misses you.
You scratch Ijyb.
Ijyb is heavily wounded.
Ijyb drinks a potion.
Ijyb is healed!
You scratch Ijyb.
Ijyb is moderately wounded.
A kobold comes into view.
It is wielding a +0 vampiric short sword and quivering poisoned darts.
Ijyb hits you with a +6 club.
You barely miss Ijyb.
Ijyb is moderately wounded.
Ijyb hits you with a +6 club!
You barely miss Ijyb.
Ijyb is moderately wounded.
Ijyb hits you with a +6 club.
You scratch Ijyb but do no damage.
Ijyb is moderately wounded.
Ijyb hits you with a +6 club.
You are too injured to fight recklessly!
You closely miss Ijyb.
Ijyb is moderately wounded.
Ijyb screams, "Get away!"
Ijyb closely misses you.
You scratch Ijyb.
Ijyb is moderately wounded.
Ijyb barely misses you.
You barely miss Ijyb.
Ijyb is moderately wounded.
Ijyb hits you with a +6 club.
The kobold throws a poisoned dart.
The poisoned dart misses you.
Ijyb zaps a wand.
The mass of ice explodes!
The iceblast engulfs you!
Ouch! That really hurt!
You die...

#...........#
##......##..###
#............#
###..........###
...........##.#.. #
..................
#....#..#.†.........
.....#..#.........##
......g.@##......##
......K..##..#....#
..........#.##.....#
......[.....# .....#
.)........#.. ....#
........###..# .....
.....>.## #....
....... ..


You could see Ijyb and a kobold.

Vanquished Creatures
  2 bats (D:1)
  6 endoplasms
  A giant cockroach (D:1)
  A goblin (D:1)
  A hobgoblin (D:4)
  8 jackals (D:1)
  5 kobolds (D:1)
  3 quokkas (D:1)
  A ball python (D:1)
  A frilled lizard (D:1)
  A rat (D:2)
30 creatures vanquished.

Notes
Turn   | Place    | Note
-------+----------+-------------------------------------------
     0 | D:1      | a3don the Troll Earth Elementalist began the quest for the
                  | Orb.
     0 | D:1      | Reached XP level 1. HP: 16/16 MP: 1/1
   253 | D:1      | Reached XP level 2. HP: 24/24 MP: 2/2
   328 | D:1      | Learned a level 2 spell: Passwall
   482 | D:1      | Reached skill level 1 in Unarmed Combat
   514 | D:1      | Reached skill level 1 in Transmutations
   720 | D:1      | Reached XP level 3. HP: 32/32 MP: 4/4
  1011 | D:2      | Found a faded altar of an unknown god.
  1040 | D:2      | You fall into a shaft and drop 2 floors!
  1089 | D:4      | Noticed Ijyb
  1104 | D:4      | Killed from afar by Ijyb

Illustrated notes

Levels and vault maps discovered:
D:1:      nzn_arrival_depleted_hourglass, layout_basic, serial_park_tiny_1
D:2:      layout_basic, hellmonk_ecumenical_altar_heavens_door, serial_shops,
          shop, serial_bayou_pond_d, hangedman_feature_mirror, uniq_sigmund
D:4:      layout_cave_pools, mainiacjoe_overflow_concentric_impassable,
          uniq_ijyb, uniq_edmund

Skill      XL: |  1  2 |
---------------+-------+-----
Unarmed Combat | 1 |  1.5
Transmutations | 1 |  1.1
Fighting       | |  0.6
Dodging        | |  1.5
Stealth        | |  1.0
Spellcasting   | |  1.4
Earth Magic    | |  2.9

Action                   || total
-------------------------++-------
Melee: Unarmed           ||   105
       Punch             ||     1
 Cast: Sandblast         ||     2
 Stab: Sleeping          ||     1
Armor: Robe              ||    39
Dodge: Dodged            ||    49

Table legend: (Time is in decaauts)
 A = Elapsed time spent in this place.
 B = Non-inter-level travel time spent in this place.
 C = Inter-level travel time spent in this place.
 D = Time resting spent in this place.
 E = Time spent auto-exploring this place.
 F = Levels seen in this place.
 G = Mean time per level.
                   A        B        C        D        E       F      G
               +--------+--------+--------+--------+--------+-----+--------+
         Total |   1101 |   1092 |      9 |      0 |    826 |   3 |  367.0 |
       Dungeon |   1101 |   1092 |      9 |      0 |    826 |   3 |  367.0 |
               +--------+--------+--------+--------+--------+-----+--------+

Top non-repeatable levels by time:
     D:1: 1004 daAuts
     D:4: 63 daAuts
     D:2: 33 daAuts
